 Dungeon Crawl Stone Soup version 0.29.1-12-g30fa7ad0bf (webtiles) character file.

Game seed: 322260201664083503

34057 Radix the Severer (level 13, -7/127 HPs)
             Began as a Hill Orc Fighter on Jan 7, 2023.
             Was a High Priest of Beogh.
             Mangled by a red ugly thing (10 damage)
             ... on level 5 of the Lair of Beasts.
             The game lasted 01:34:00 (17740 turns).

Radix the Severer (Hill Orc Fighter)               Turns: 17740, Time: 01:34:01

Health: -7/127     AC: 24    Str: 24    XL:     13   Next: 75%
Magic:  24/24      EV: 11    Int: 14    God:    Beogh [*****.]
Gold:   980        SH:  0    Dex: 13    Spells: 12/12 levels left

rFire   . . .      SeeInvis .   a - +0 executioner's axe (vamp)
rCold   . . .      Faith    .   (shield currently unavailable)
rNeg    . . .      Spirit   .   A - +1 plate armour
rPois   .          Reflect  .   v - +1 helmet
rElec   +          Harm     .   l - +0 cloak
rCorr   .          Rampage  .   (no gloves)
Will    .....                   m - +2 pair of boots {Fly}
Stlth   ..........              s - amulet of magic regeneration
HPRegen 0.00/turn               I - ring of the Lotus Blossom {EV+4 Dex+3}
MPRegen 0.59/turn               D - ring "Coaxtolast" {rElec Int+6}

@: sick, flying, studying Armour
A: walk on water
a: Renounce Religion, Smiting, Recall Orcish Followers, Give Item to Named
Follower


You were on level 5 of the Lair of Beasts.
You worshipped Beogh.
Beogh was extremely pleased with you.
You visited 2 branches of the dungeon, and saw 13 of its levels.
You also visited: Ossuary and Volcano.

You collected 980 gold pieces.

Inventory:

Hand Weapons
 a - a +0 vampiric executioner's axe (weapon)
 f - a +4 battleaxe of freezing
 p - a +3 antimagic hand axe
 q - a +0 arbalest
 t - a +4 hand axe of venom
Missiles
 b - 20 poisoned darts
 o - a boomerang of dispersal
 r - 3 datura-tipped darts
 Q - 3 atropa-tipped darts
 R - 7 curare-tipped darts
Armour
 g - a +2 chain mail of fire resistance
 h - a +2 pair of boots
 k - +0 fire dragon scales
 l - a +0 cloak (worn)
 m - a +2 pair of boots of flying (worn)
 v - a +1 helmet (worn)
 A - a +1 plate armour (worn)
 H - +0 steam dragon scales
 J - a +2 ring mail of cold resistance
 L - a +1 ring mail
 S - the +0 hat "Dirph" {Int+2}
   (You found it in a volcano)

   Int:       It affects your intelligence (+2).
 U - a +2 chain mail of fire resistance
 V - a +2 ring mail of fire resistance
 Z - a +2 kite shield
Magical Staves
 x - a staff of conjuration
 K - a staff of poison
Jewellery
 s - an amulet of magic regeneration (around neck)
 D - the ring "Coaxtolast" (right hand) {rElec Int+6}
   (You took it off a centaur on level 7 of the Dungeon)

   [ring of intelligence]

   Int:       It affects your intelligence (+6).
   rElec:     It insulates you from electricity.
 G - a ring of fire
 I - the ring of the Lotus Blossom (left hand) {EV+4 Dex+3}
   (You took it off a skeletal warrior on level 7 of the Dungeon)

   [ring of evasion]

   EV:        It affects your evasion (+4).
   Dex:       It affects your dexterity (+3).
Wands
 e - a wand of charming (6)
 u - a wand of flame (20)
 Y - a wand of iceblast (1) (quivered)
Scrolls
 n - 9 scrolls of amnesia
 y - a scroll of brand weapon
 B - 2 scrolls of blinking
 C - 2 scrolls of poison
 F - a scroll of fog
 O - 3 scrolls of teleportation
Potions
 d - 4 potions of mutation
 i - 2 potions of brilliance
 j - 4 potions of lignification
 z - a potion of cancellation
 E - a potion of ambrosia {unknown}
 M - a potion of magic {unknown}
 N - 2 potions of might
 P - a potion of berserk rage
 T - a potion of degeneration {unknown}
 W - a potion of haste
 X - a potion of experience {unknown}


   Skills:
 + Level 15.2 Fighting
 + Level 16.3 Axes
 + Level 12.9 Armour
 - Level 3.2 Shields
 + Level 14.8 Invocations


You had 12 spell levels left.
You didn't know any spells.
Your spell library contained the following spells:

 Spells                   Type           Power      Damage    Failure   Level
 Apportation              Tloc           0%         N/A       95%         1
 Beastly Appendage        Tmut           0%         N/A       95%         1
 Foxfire                  Conj/Fire      0%         2x1d4     95%         1
 Necrotise                Necr           0%         1d4       95%         1
 Slow                     Hex            0%         N/A       95%         1
 Summon Small Mammal      Summ           0%         N/A       95%         1
 Poisonous Vapours        Pois/Air       0%         N/A       98%         2
 Wereblood                Tmut           0%         N/A       98%         2
 Call Canine Familiar     Summ           0%         N/A       100%        3
 Confusing Touch          Hex            0%         N/A       100%        3
 Conjure Flame            Conj/Fire      0%         6-21      100%        3
 Gell's Gravitas          Tloc           0%         N/A       100%        3
 Inner Flame              Hex/Fire       0%         N/A       100%        3
 Lesser Beckoning         Tloc           0%         N/A       100%        3
 Portal Projectile        Hex/Tloc       0%         N/A       100%        3
 Summon Guardian Golem    Hex/Summ       0%         N/A       100%        3
 Teleport Other           Tloc           0%         N/A       100%        3
 Vampiric Draining        Necr           0%         2d6       100%        3
 Flame Wave               Conj/Fire      0%         2d4       100%        4
 Leda's Liquefaction      Hex/Erth       0%         N/A       100%        4
 Fireball                 Conj/Fire      0%         3d3       100%        5
 Iskenderun's Battlesphe  Conj           0%         2d6       100%        5
 Yara's Violent Unravell  Hex/Tmut       0%         3d3       100%        5
 Conjure Ball Lightning   Conj/Air       0%         3x3d6     100%        6
 Enfeeble                 Hex            0%         N/A       100%        7
 Malign Gateway           Summ/Tloc      0%         N/A       100%        7
 Orb of Destruction       Conj           0%         9d5       100%        7
 Spellforged Servitor     Conj/Summ      0%         N/A       100%        7
 Storm Form               Tmut/Air       0%         N/A       100%        7
 Discord                  Hex            0%         N/A       100%        8


Dungeon Overview and Level Annotations

Branches:
Dungeon (8/15)             Temple (0/1) D:5            Lair (5/5) D:8
 Shoals (0/4) Lair:2        Snake (0/4) Lair:3        Slime (0/5) Lair:4
Ossuary (visited)         Volcano (visited)

Altars:
Cheibriados
Elyvilon
Sif Muna
Trog
Xom
Jiyva

Annotations:
Lair:4 exclusion: 2 oklob plants


Message History

Boldo hits the ancient zyme with a +0 dagger.
The ancient zyme closely misses your ynoxinul.
The ancient zyme hits your ynoxinul!
Something hits the ancient zyme.
You feel better.
The red ugly thing tentacle-slaps your ufetubus!
Your ufetubus dies!
Your ufetubus disappears in a puff of smoke!
Your ynoxinul closely misses the red ugly thing.
Something closely misses your ynoxinul. Something hits your ynoxinul.
You hit the red ugly thing.
The red ugly thing is lightly wounded.
Your ufetubus hits the red ugly thing. x2
Your ufetubus completely misses the red ugly thing.
Your ufetubus hits the red ugly thing. The red ugly thing tentacle-slaps you.
* * * LOW HITPOINT WARNING * * *
You are engulfed in flames!
* * * LOW HITPOINT WARNING * * *
Your ufetubus barely misses the red ugly thing.
Your ufetubus hits the red ugly thing but does no damage.
Your ufetubus completely misses the red ugly thing.
Your ufetubus hits the red ugly thing.
Your ynoxinul barely misses the red ugly thing.
You closely miss the red ugly thing.
The red ugly thing is lightly wounded.
Your ufetubus barely misses the red ugly thing.
Your ufetubus closely misses the red ugly thing.
Your ufetubus barely misses the red ugly thing.
Your ufetubus hits the red ugly thing but does no damage.
The red ugly thing tentacle-slaps you.
* * * LOW HITPOINT WARNING * * *
You are engulfed in flames!
* * * LOW HITPOINT WARNING * * *
The ancient zyme hits your ynoxinul! The ancient zyme hits your ynoxinul.
Your ynoxinul hits the ancient zyme but does no damage.
Your ufetubus hits the red ugly thing.
Your ufetubus hits the red ugly thing but does no damage.
Your ufetubus hits the red ugly thing. x2
The red ugly thing tentacle-slaps you!
You die...

♣♣♣.......♣♣♣
♣♣......♣.†..♣♣
♣..†.♣♣♣♣♣♣...♣♣♣♣
### ♣...♣..♣
♣♣.....♣♣###..
♣...♣♣..♣♣
♣.....♣♣..... ♣...♣
♣...♣ ♣.♣..........
♣...
♣...♣♣♣♣♣♣♣♣♣........
♣♣. ♣♣...♣.♣
♣♣♣♣..... ♣ ♣♣.@5.♣♣
♣...... ♣.. ♣.5u..♣
♣♣♣..... ♣.÷. ♣♣♣♣3.♣
♣....... .... ♣♣x.♣
♣....... ♣.... ♣♣...♣
♣....... ....♣
♣♣....♣ ♣.....#.
♣..♣♣†3.♣.♣ ♣.......
♣.†)..♣♣.♣ ♣.#.....
♣.†.x♣♣♣.. ♣♣..P....


You could see a red ugly thing (ally target), an ancient zyme (ally target), a
friendly ynoxinul (summoned) and 2 friendly ufetubi.

Vanquished Creatures
  A fire dragon (Volcano)
  2 hydras
  A catoblepas (Lair:5)
  5 two-headed ogres
  A skeletal warrior (D:7)
  3 salamanders (Volcano)
  An ugly thing (D:8)
  2 oklob plants (Lair:4)
  A merfolk siren (Lair:2)
  A smoke demon (Lair:5)
  3 elephants (Lair:3)
  3 black mambas
  10 cane toads
  7 komodo dragons
  An ancient zyme (Lair:5)
  A troll (D:7)
  A polar bear (Lair:2)
  Prince Ribbit (D:7)
  17 blink frogs (Lair:5)
  A dream sheep (Lair:3)
  A large abomination (Lair:5)
  Sigmund (D:3)
  9 wyverns
  2 ynoxinuls (Lair:5)
  8 yaks
  Eustachio (D:6)
  5 fire bats (Volcano)
  2 basilisks
  4 steam dragons
  Menkaure (D:7)
  2 vampire mosquitoes
  An acid dragon (D:7)
  Duvessa (D:7)
  4 water moccasins
  Pargi (D:4)
  An orc warrior (D:7)
  A sky beast (D:4)
  4 ice beasts
  14 wolves
  7 ogres
  A phantom (D:5)
  3 centaurs
  A kobold brigand (D:8)
  7 bullfrogs
  A gnoll sergeant (D:7)
  A necrophage (D:4)
  2 scorpions
  6 small abominations (Lair:5)
  9 wights
  Dowan (D:7)
  7 killer bees
  3 howler monkeys
  A centaur zombie (Ossuary)
  3 human zombies (Ossuary)
  A gnoll bouda (Lair:4)
  An orc priest (D:4)
  6 hounds
  An iguana (D:7)
  Natasha (thrice) (D:4)
  4 orc wizards
  6 hell rats (Lair:2)
  2 hound zombies (Ossuary)
  Robin (D:3)
  3 mummies (Ossuary)
  9 gnolls
  4 adders
  A shadow imp (D:5)
  2 white imps
  3 adder zombies (Ossuary)
  3 worms
  18 orcs
  5 bats
  12 endoplasms
  3 giant cockroaches
  A gnoll zombie (Ossuary)
  20 goblins
  6 hobgoblins
  7 quokkas
  10 ball pythons
  5 frilled lizards
  3 goblin zombies (Ossuary)
  5 hobgoblin zombies (Ossuary)
  A jackal zombie (Ossuary)
  8 kobolds
  6 kobold zombies (Ossuary)
  2 orc zombies (Ossuary)
  3 quokka zombies (Ossuary)
  10 rats
  6 rat zombies (Ossuary)
360 creatures vanquished.

Vanquished Creatures (collateral kills)
  A hydra (Lair:2)
  A catoblepas (Lair:3)
  An elephant (Lair:3)
  A cane toad (Lair:3)
  A komodo dragon (Lair:3)
  3 rime drakes
  A troll (D:8)
  A polar bear (Lair:1)
  A blink frog (Lair:5)
  3 dream sheep (Lair:3)
  A basilisk (Lair:1)
  4 yaks (Lair:3)
  4 water moccasins
  An orc warrior (D:7)
  6 wolves
  A centaur (D:7)
  A small abomination (Lair:5)
  A bullfrog (D:8)
  A wight (D:8)
  3 killer bees (D:8)
  2 hounds (D:8)
  A gnoll bouda (D:8)
  A hell rat (Lair:2)
  4 orcs (D:8)
  3 butterflies (Lair:2)
48 creatures vanquished.

Vanquished Creatures (others)
  An orc knight (Lair:4)
  An orc high priest (Lair:3)
  An orc warrior (Lair:5)
  An orc priest (D:4)
  2 orcs
  21 fungi
  125 plants
152 creatures vanquished.

Grand Total: 560 creatures vanquished

Notes
Turn   | Place    | Note
-------+----------+-------------------------------------------
     0 | D:1      | Radix the Hill Orc Fighter began the quest for the Orb.
     0 | D:1      | Reached XP level 1. HP: 19/19 MP: 1/1
    29 | D:1      | Got the Verses on Dimensional Shapeshifting
    68 | D:1      | Reached skill level 3 in Axes
    90 | D:1      | Reached XP level 2. HP: 22/27 MP: 2/2
   594 | D:1      | Reached XP level 3. HP: 34/34 MP: 3/3
  1193 | D:2      | Reached skill level 4 in Axes
  1260 | D:2      | Found a shimmering blue altar of Sif Muna.
  1353 | D:2      | Reached XP level 4. HP: 38/40 MP: 4/4
  2141 | D:3      | Reached skill level 5 in Fighting
  2401 | D:3      | Found a white marble altar of Elyvilon.
  2459 | D:3      | Noticed Robin
  2487 | D:3      | Killed Robin
  2488 | D:3      | Reached skill level 5 in Axes
  2488 | D:3      | Reached XP level 5. HP: 22/48 MP: 5/5
  2725 | D:3      | Noticed Sigmund
  2754 | D:3      | Killed Sigmund
  2755 | D:3      | Reached skill level 6 in Axes
  2755 | D:3      | Reached XP level 6. HP: 28/58 MP: 6/6
  3373 | D:4      | Became a worshipper of Beogh the Brigand
  3385 | D:4      | Noticed a sky beast
  3436 | D:4      | Killed a sky beast
  3438 | D:4      | Reached skill level 7 in Axes
  3438 | D:4      | Reached XP level 7. HP: 33/66 MP: 7/7
  3628 | D:4      | Noticed Natasha
  3639 | D:4      | Killed Natasha
  3658 | D:4      | Noticed Natasha
  3664 | D:4      | Killed Natasha
  3665 | D:4      | Reached skill level 1 in Invocations
  3789 | D:4      | Noticed Natasha
  3794 | D:4      | Killed Natasha
  3795 | D:4      | Reached * piety under Beogh
  3892 | D:4      | Noticed Pargi
  3912 | D:4      | Killed Pargi
  3913 | D:4      | Reached skill level 8 in Axes
  3913 | D:4      | Reached XP level 8. HP: 62/74 MP: 10/10
  3992 | D:4      | Found a snail-covered altar of Cheibriados.
  4120 | D:5      | Entered Level 5 of the Dungeon
  4658 | D:5      | Found a staircase to the Ecumenical Temple.
  5026 | D:6      | Noticed Eustachio
  5040 | D:6      | Killed Eustachio
  5041 | D:6      | Reached skill level 5 in Invocations
  5180 | D:6      | Reached skill level 9 in Axes
  5830 | D:7      | Reached ** piety under Beogh
  5831 | D:7      | Reached XP level 9. HP: 72/83 MP: 13/13
  5953 | D:7      | Reached skill level 10 in Axes
  5969 | D:7      | Found a sand-covered staircase.
  6226 | Ossuary  | Entered an ossuary
  6383 | Ossuary  | Reached *** piety under Beogh
  6588 | D:7      | Noticed Dowan
  6591 | D:7      | Noticed Duvessa
  6603 | D:7      | Killed Duvessa
  6603 | D:7      | Killed Dowan
  6604 | D:7      | Reached skill level 10 in Fighting
  6612 | D:7      | Noticed Menkaure
  6623 | D:7      | Killed Menkaure
  6868 | D:7      | Noticed Prince Ribbit
  6888 | D:7      | Killed Prince Ribbit
  7062 | D:7      | Reached skill level 11 in Axes
  7125 | D:7      | Reached XP level 10. HP: 72/94 MP: 16/16
  7394 | D:7      | Identified the ring "Coaxtolast" {rElec Int+6}
  7916 | D:7      | Gained Borgun as an ally
  8077 | D:7      | Noticed a two-headed ogre
  8085 | D:7      | Killed a two-headed ogre
  8086 | D:7      | Reached skill level 12 in Axes
  8086 | D:7      | Reached skill level 5 in Armour
  8154 | D:7      | Identified the ring of the Lotus Blossom {EV+4 Dex+3}
  8154 | D:7      | Noticed a skeletal warrior
  8158 | D:7      | Killed a skeletal warrior
  8159 | D:7      | Reached skill level 10 in Invocations
  8187 | D:7      | Got the Atlas of Fascination
  8879 | D:8      | Reached XP level 11. HP: 103/104 MP: 18/18
  9363 | D:8      | Noticed a cyan ugly thing
  9372 | D:8      | Killed a cyan ugly thing
  9893 | D:8      | Found a staircase to the Lair.
 10155 | D:8      | Found a shimmering blue altar of Sif Muna.
 10161 | D:8      | Found a bloodstained altar of Trog.
 10166 | D:8      | Found a shimmering altar of Xom.
 10221 | Lair:1   | Entered Level 1 of the Lair of Beasts
 10394 | Lair:1   | Reached skill level 13 in Axes
 10760 | Lair:1   | Got Eringya's Incunable of Unstable Filth
 10985 | Lair:1   | Noticed a five-headed hydra
 10993 | Lair:1   | Killed a ten-headed hydra
 11748 | Lair:2   | Reached **** piety under Beogh
 11981 | Lair:2   | Noticed a four-headed hydra
 11991 | Lair:2   | Killed a nine-headed hydra
 12285 | Lair:2   | Found a staircase to the Shoals.
 12892 | Lair:3   | Found a staircase to the Snake Pit.
 12901 | Lair:3   | Noticed a catoblepas
 12908 | Lair:3   | Your ally Borgun died
 12910 | Lair:3   | Killed a catoblepas
 12947 | Lair:3   | Reached XP level 12. HP: 104/115 MP: 21/21
 12950 | Lair:3   | Gained Harm as an ally
 12951 | Lair:3   | Reached skill level 14 in Axes
 14094 | Lair:3   | Identified a scroll of acquirement
 14094 | Lair:3   | Acquired a manual of Armour
 14174 | Lair:4   | Your ally Harm died
 14494 | Lair:4   | Found a dark tunnel.
 14504 | Volcano  | Entered a volcano
 14740 | Volcano  | Reached skill level 15 in Axes
 14740 | Volcano  | Reached skill level 10 in Armour
 15084 | Volcano  | Noticed a two-headed ogre
 15086 | Volcano  | Noticed a two-headed ogre
 15090 | Volcano  | Killed a two-headed ogre
 15096 | Volcano  | Noticed a two-headed ogre
 15117 | Volcano  | Killed a two-headed ogre
 15118 | Volcano  | Reached XP level 13. HP: 34/125 MP: 23/23
 15375 | Volcano  | Reached ***** piety under Beogh
 15628 | Volcano  | Identified the +0 hat "Dirph" {Int+2}
 15664 | Volcano  | Noticed a fire dragon
 15670 | Volcano  | Killed a fire dragon
 16753 | Lair:4   | Acquired a +0 vampiric executioner's axe
 17027 | Lair:4   | Found a staircase to the Slime Pits.
 17027 | Lair:4   | Found a viscous altar of Jiyva.
 17357 | Lair:5   | Entered Level 5 of the Lair of Beasts
 17454 | Lair:5   | Reached skill level 16 in Axes
 17545 | Lair:5   | Reached skill level 15 in Fighting
 17721 | Lair:5   | Gained Boldo as an ally
 17740 | Lair:5   | HP: 3/127 [red ugly thing (12)]
 17740 | Lair:5   | Mangled by a red ugly thing

Illustrated notes

Levels and vault maps discovered:
D:1:      scummos_arrival_star, layout_basic
D:2:      layout_loops_ring, basic_altar, minivault_11, minmay_pentomino_pile
D:3:      layout_loops_ring, elyvilon_altar_4, uniq_robin, uniq_sigmund
D:4:      layout_rooms, cheibrodos_worm_habitat, uniq_natasha, uniq_pargi
D:5:      layout_loops_ring, minmay_temple_entry_glassed_door
D:6:      layout_loops_cross, uniq_eustachio
D:7:      minmay_the_grid_square_5x5_3x3 [minmay_the_grid_square_5x5_inner_v,
          minmay_the_grid_square_5x5_percent, minmay_the_grid_square_5x5_six,
          minmay_the_grid_square_5x5_mess,
          minmay_the_grid_square_5x5_megaprize_open,
          minmay_the_grid_square_5x5_slash, minmay_the_grid_square_5x5_three,
          minmay_the_grid_square_5x5_detours, minmay_the_grid_square_5x5_seven],
          layout_cave_pools, enter_ossuary_2, serial_bayou_pond_a,
          uniq_prince_ribbit1, uniq_duvessa, uniq_menkaure
D:8:      layout_loops_cross, minmay_overflow_temple_star_quad,
          erik_lair_island, wad_mini_maze
Lair:1:   layout_cave_pods
Lair:2:   layout_chaotic_city, minmay_shoals_entry_lonely_mermaid,
          grunt_megastairs_4, lemuel_fruit_fields
Lair:3:   layout_loops_ring, dummy_snake_entry, grunt_megastairs_3
Lair:4:   layout_roguey, minmay_slime_entry_oklob_open,
          lightli_volcano_entry_magma_tube, dreamdust_gnoll_shepherd,
          lemuel_fruit_tree
Lair:5:   hellmonk_lair_end_abyssal_woods, layout_long_grid,
          lemuel_fruit_fields, serial_bayou_shore_b

Skill      XL: |  1  2  3  4  5  6  7  8  9 10 11 12 13 |
---------------+----------------------------------------+-----
Axes           | 3 4 5 6 7 8 9 11 12 13 15 16 | 16.3
Fighting       | 4 5 6 7 9 10 11 13 14 15 | 15.2
Invocations    | 3 6 8 10 12 13 14 | 14.8
Armour         | 6 8 10 12 | 12.9
Shields        | |  3.2

Action                   |  1- 3 |  4- 6 |  7- 9 | 10-12 | 13-15 || total
-------------------------+-------+-------+-------+-------+-------++-------
Melee: War axe           |   107 |   118 |   393 |   100 |       ||   718
       Battleaxe         |       |       |       |   248 |    53 ||   301
       Executioner's axe |       |       |       |       |   114 ||   114
Throw: Boomerang         |       |     1 |       |       |       ||     1
       Dart              |       |       |     4 |       |     7 ||    11
Invok: Convert to Beogh  |       |     1 |       |       |       ||     1
       Smiting           |       |       |     3 |     7 |     4 ||    14
       Recall Orcish Fol |       |       |       |     2 |       ||     2
Evoke: Wand              |       |       |       |       |     1 ||     1
  Use: Scroll            |       |    11 |     4 |    17 |     2 ||    34
       Potion            |       |     5 |     6 |     6 |     5 ||    22
 Stab: Distracted        |       |       |       |     6 |     1 ||     7
       Petrified         |       |       |       |     1 |       ||     1
Armor: Scale mail        |    51 |    97 |    12 |       |       ||   160
       Chain mail        |       |       |   107 |       |       ||   107
       Plate armour      |       |       |   136 |   236 |   117 ||   489
       Ring mail         |       |       |       |    17 |       ||    17
Dodge: Dodged            |    53 |    51 |   106 |   182 |   116 ||   508
Block: Buckler           |    27 |    28 |    65 |    18 |       ||   138
